Map: Dusk Towers

Players

Pokebunny

  • Race: Terran Terran
  • League: Grandmaster

llllllllllll - Winner!

  • Race: Protoss Protoss
  • League: Master

VOD

Have the link to the VOD?

Description

Time

  • Played on: April 6, 2016, 12:18 a.m.
  • Length: 16:11
Show
View Real Time Build Order
Export as new Build Order

Pokebunny Terran 

Build Orders: Reaper Expand 

Get SALT Encoding   

  12  0:01  SCV  
  13  0:13  SCV  
  14  0:18  Supply Depot  
  14  0:25  SCV  
  15  0:39  SCV  
  15  0:41  Barracks  
  16  0:44  Refinery  
  16  0:51  SCV  
  17  1:03  SCV  
  18  1:16  SCV  
  19  1:28  Reaper, Orbital Command  
  20  1:39  Command Center  
  20  1:48  Supply Depot  
  20  1:53  SCV  
  21  2:00  Marine  
  22  2:05  SCV  
  22  2:08  Factory  
  23  2:13  Refinery  
  23  2:17  SCV  
  23  2:18  Marine  
  25  2:29  SCV  
  26  2:39  Barracks Reactor  
  26  2:42  SCV  
  27  2:52  Hellion, Starport  
  27  2:55  Orbital Command, SCV  
  30  3:06  Supply Depot  
  30  3:07  SCV  
  31  3:14  Widow Mine  
  31  3:15  Marine x2  
  31  3:19  SCV  
  36  3:30  SCV  
  36  3:34  Barracks  
  37  3:36  Marine x2  
  33  3:42  Viking  
  33  3:47  SCV x2  
  32  3:54  Marine  
  30  4:00  Marine  
  31  4:03  SCV  
  31  4:04  SCV  
  31  4:17  SCV x2  
  26  4:26  Marine  
  26  4:27  Factory Tech Lab, Marine  
  26  4:29  SCV x2  
  30  4:40  Barracks Tech Lab  
  30  4:42  Barracks  
  30  4:43  Marine  
  30  4:44  Marine  
  30  4:45  SCV x2  
  24  5:00  Marine  
  24  5:01  Marine  
  24  5:02  Combat Shields, Marine  
  27  5:09  Siege Tank  
  30  5:14  SCV  
  30  5:15  SCV  
  30  5:19  Marine x2  
  34  5:24  Marine  
  34  5:27  Medivac  
  37  5:31  Barracks Reactor  
  37  5:37  SCV x2  
  37  5:39  Marine  
  37  5:42  Marine  
  41  5:50  SCV  
  41  5:51  SCV  
  41  5:52  Marine  
  41  5:54  Siege Tank  
  44  6:05  SCV x2  
  44  6:08  Marine  
  47  6:12  Medivac  
  47  6:17  SCV x2  
  49  6:23  Marine x2  
  50  6:30  Siege Tank  
  53  6:39  SCV  
  54  6:55  Supply Depot  
  54  7:00  Stimpack  
  54  7:06  SCV  
  54  7:07  Marine, Supply Depot  
  54  7:11  Marine  
  54  7:16  Marine x3, Medivac  
  59  7:35  Bunker  
  59  7:53  Marine x3  
  62  8:04  Bunker, SCV x2  
  61  8:14  Marine x4  
  65  8:26  Marine  
  66  8:31  Marine  
  59  8:45  Marine x4  
  59  8:46  Siege Tank  
  62  8:49  Marine  
  56  8:57  SCV x2  
  57  9:06  Marine x3  
  57  9:07  Marine  
  57  9:09  Medivac  
  61  9:14  Engineering Bay, SCV x2  
  63  9:19  Siege Tank  
  66  9:24  Marine x2  
  66  9:25  Marine  
  66  9:28  Marine  
  70  9:32  Marine  
  66  9:48  Marine x4  
  66  9:52  Medivac  
  70  9:54  Supply Depot x2  
  70  10:06  Missile Turret  
  70  10:09  Missile Turret  
  68  10:16  Siege Tank  
  71  10:23  Marine x4  
  71  10:28  Marine  
  62  10:42  Marine x3  
  54  10:43  Marine  
  54  10:46  Marine  
  54  10:48  Siege Tank  
  61  10:55  SCV x2  
  63  11:00  Starport Reactor  
  63  11:03  Terran Infantry Weapons Level 1  
  63  11:07  SCV x2  
  63  11:08  Refinery  
  65  11:13  Marine x4  
  65  11:14  Marine  
  70  11:19  SCV  
  70  11:23  Liberator  
  71  11:34  Marine x2  
  71  11:35  Marine x3  
  76  11:52  Marine x4  
  74  12:05  Marine  
  72  12:08  Siege Tank  
  72  12:10  Marine x2  
  72  12:11  SCV x2  
  68  12:27  SCV  
  65  12:33  SCV  
  65  12:36  Marine  
  67  12:39  SCV  
  68  12:45  Marine x2  
  68  12:46  Marine  
  71  12:53  SCV  
  71  12:54  SCV  
  73  13:05  Missile Turret  
  54  13:40  Marine x2  
  24  14:04  SCV  
  25  14:10  SCV  
  26  14:21  Missile Turret  
  26  14:22  Marine  
  25  14:26  Marine  
  26  14:31  Marine  
  26  14:32  Marine  
  28  14:40  SCV x2  
  30  14:47  Marine  
  30  14:48  Marine  
  32  14:53  SCV  
  32  14:54  SCV  
  34  15:04  Marine x3  
  34  15:06  SCV  
  38  15:08  SCV  
  38  15:14  Marine x2  
  39  15:22  Siege Tank  
  42  15:28  Medivac  
  42  15:33  Marine  
  42  15:34  Marine  
  46  15:41  SCV x2  
  48  15:43  Marine  
  48  15:44  Marine  
  48  15:48  Marine  
  51  15:51  Marine  
  51  15:52  Marine  
Show
View Real Time Build Order
Export as new Build Order

llllllllllll Protoss - Winner!

Build Orders: Oracle Opening 

Get SALT Encoding   

  12  0:01  Probe (Chrono Boost)  
  13  0:11  Probe (Chrono Boost)  
  14  0:20  Pylon  
  14  0:22  Probe (Chrono Boost)  
  15  0:39  Gateway, Probe (Chrono Boost)  
  16  0:44  Assimilator  
  16  0:49  Probe (Chrono Boost)  
  17  0:54  Assimilator  
  17  1:00  Probe (Chrono Boost)  
  18  1:10  Probe (Chrono Boost)  
  19  1:21  Probe (Chrono Boost)  
  19  1:23  Pylon  
  20  1:28  Cybernetics Core  
  20  1:31  Probe (Chrono Boost)  
  21  1:42  Probe (Chrono Boost)  
  22  1:52  Probe (Chrono Boost)  
  23  2:05  Adept (Chrono Boost)  
  23  2:06  Mothership Core  
  23  2:08  Stargate  
  27  2:16  Warp Gate  
  27  2:18  Pylon  
  27  2:27  Probe  
  27  2:29  Adept (Chrono Boost)  
  30  2:52  Oracle (Chrono Boost)  
  32  3:14  Probe  
  32  3:17  Nexus  
  33  3:33  Oracle (Chrono Boost)  
  32  3:57  Probe  
  33  4:04  Oracle (Chrono Boost), Robotics Facility  
  33  4:05  Pylon  
  33  4:09  Probe  
  35  4:21  Probe  
  36  4:27  Probe  
  36  4:29  Gateway  
  34  4:34  Gateway  
  34  4:36  Mothership Core  
  34  4:38  Pylon, Probe  
  36  4:42  Adept  
  39  4:48  Probe  
  40  4:57  Warp Prism (Chrono Boost), Probe  
  40  4:59  Probe  
  40  5:05  Adept  
  43  5:09  Probe x2  
  45  5:21  Probe  
  46  5:23  Adept  
  46  5:24  Forge  
  46  5:26  Adept  
  51  5:29  Observer (Chrono Boost)  
  51  5:36  Sentry  
  51  5:37  Probe  
  51  5:38  Probe  
  51  5:41  Assimilator  
  55  5:45  Assimilator  
  55  5:47  Observer (Chrono Boost), Pylon, Probe  
  57  5:50  Probe  
  58  6:07  Probe  
  58  6:09  Adept x3  
  65  6:24  Probe  
  66  6:26  Photon Cannon  
  66  6:29  Phoenix (Chrono Boost)  
  68  6:36  Protoss Ground Weapons Level 1 (Chrono Boost)  
  68  6:40  Pylon  
  68  6:43  Pylon, Gateway  
  68  6:44  Gateway  
  68  6:46  Gateway  
  68  6:49  Pylon  
  68  6:51  Adept x3  
  74  7:01  Gateway  
  74  7:05  Gateway  
  74  7:15  Adept x2  
  74  7:16  Adept  
  72  7:36  Pylon  
  72  7:37  Adept x3  
  72  7:41  Immortal (Chrono Boost)  
  82  7:47  Twilight Council  
  82  8:05  Adept x4  
  85  8:08  Pylon  
  87  8:14  Cybernetics Core  
  87  8:27  Zealot x5  
  87  8:47  Probe x2  
  82  8:48  Observer  
  82  8:50  Resonating Glaives (Chrono Boost)  
  78  8:59  Probe  
  77  9:07  Oracle (Chrono Boost)  
  81  9:14  Adept  
  81  9:15  Adept  
  84  9:18  Protoss Ground Armor Level 1 (Chrono Boost)  
  84  9:21  Nexus  
  84  9:25  Mothership Core (Chrono Boost)  
  78  9:42  Adept x3  
  74  9:48  Adept x2  
  70  9:53  Immortal  
  72  10:01  Dark Shrine  
  72  10:05  Adept x3  
  75  10:17  Adept x2  
  79  10:26  Adept x3  
  65  10:43  Adept x2  
  65  10:49  Nexus  
  69  10:59  Adept x3  
  75  11:16  Dark Templar x2  
  79  11:22  Templar Archives  
  79  11:26  Dark Templar x2  
  83  11:37  Blink (Chrono Boost)  
  84  12:02  Protoss Ground Armor Level 2 (Chrono Boost), Warp Prism (Chrono Boost)  
  84  12:07  Psionic Storm  
  86  12:11  High Templar x2  
  69  12:35  High Templar  
  69  12:36  High Templar  
  73  12:37  Adept  
  75  12:49  Dark Templar x2  
  75  13:14  Adept x3  
  59  13:42  Stalker x5  
  59  13:47  Probe  
  65  13:50  Probe  
  67  13:58  Probe  
  68  14:11  Assimilator  
  68  14:23  High Templar  
  68  14:24  High Templar x3  
  76  14:34  Assimilator  
  76  14:36  Charge (Chrono Boost)  
  76  14:46  Nexus  
  76  14:49  Pylon  
  76  14:55  High Templar  
  76  14:56  Zealot x4  
  86  15:03  Pylon  
  84  15:19  Adept x3  
  84  15:20  Adept  
  92  15:26  Pylon  
  92  15:41  Adept x3  
  92  15:42  Adept  
  100  15:55  Adept  
  102  16:03  Adept  
  102  16:04  Adept x3  
Tags
 
Add a new tag
Caveats
  • Supply blocks, unpowered buildings, or Contaminate may cause inaccurate times.
  • Supply counts are checked every 10 seconds.